 Dungeon Crawl Stone Soup version 0.31.0 (webtiles) character file.

Game seed: 4621216875549136326

79 qw the Shooter (level 4, -2/28 HPs)
             Began as a Gargoyle Hunter on Jan 19, 2024.
             Incinerated by a bombardier beetle (4 damage)
             ... with a burning spray
             ... on level 3 of the Dungeon.
             The game lasted 00:00:07 (1646 turns).

qw the Shooter (Gargoyle Hunter)                    Turns: 1646, Time: 00:00:07

Health: -2/28      AC:  9    Str: 14    XL:     4   Next: 37%
Magic:  4/4        EV: 10    Int: 10    God:
Gold:   204        SH:  0    Dex: 15    Spells: 3/3 levels left

rFire   . . .        a - +0 shortbow
rCold   . . .        (shield currently unavailable)
rNeg    + . .        i - +0 ring mail
rPois   inf          (no helmet)
rElec   +            j - +0 cloak
rCorr   .            (no gloves)
SInv    .            (no boots)
Will    +....        (no amulet)
Stlth   +            f - ring of willpower
HPRegen 0.24/turn    (no ring)
MPRegen 0.09/turn

%: no passive effects
@: on fire, glowing
A: sickness immunity, AC +3, negative energy resistance 1, electricity
resistance, torment resistance 1, petrification resistance
a: no special abilities


You were on level 3 of the Dungeon.
You visited 1 branch of the dungeon, and saw 3 of its levels.

You collected 204 gold pieces.


Innate Abilities, Weirdness & Mutations

You are immune to sickness and miasma.
Your stone body is resilient. (AC +3)
You are immune to poison.
You resist negative energy. (rN+)
You are resistant to electric shocks. (rElec)
You are resistant to unholy torment.
You are immune to petrification.


   Skills:
 - Level 3.0 Fighting
 - Level 5.2 Ranged Weapons
 + Level 0.9 Armour
 - Level 1.5 Dodging
 - Level 1.1 Stealth


You had 3 spell levels left.
You didn't know any spells.
Your spell library was empty.

Inventory:

Hand Weapons
 a - a +0 shortbow (weapon)
Armour
 i - a +0 ring mail (worn)
 j - a +0 cloak (worn)
Jewellery
 f - a ring of willpower (left hand)
Scrolls
 b - a scroll of teleportation {unknown}
Potions
 h - a potion of heal wounds {unknown}
 k - a potion of invisibility {unknown}
 m - a potion of attraction {unknown}

Dungeon Overview and Level Annotations

Branches:
Dungeon (3/15)

Altars:

Annotations:
D:2 1 runed translucent door, Crazy Yiuf


Message History

A bombardier beetle comes into view.
You see here an adder corpse.
You shoot an arrow. The arrow hits the bombardier beetle.
The bombardier beetle is lightly wounded.
You shoot an arrow.
The arrow hits the bombardier beetle but does no damage.
The bombardier beetle is lightly wounded.
You shoot an arrow.
The arrow completely misses the bombardier beetle.
You shoot an arrow. The arrow hits the bombardier beetle.
The bombardier beetle is lightly wounded.
You shoot an arrow. The arrow hits the bombardier beetle.
The bombardier beetle is lightly wounded.
The bombardier beetle sprays incendiary fluid at you.
The burning spray hits you.
You are covered in liquid fire!
You shoot an arrow.
The arrow hits the bombardier beetle but does no damage.
The bombardier beetle is lightly wounded.
The liquid fire burns you!
You shoot an arrow. The arrow hits the bombardier beetle.
The bombardier beetle is heavily wounded.
The liquid fire burns you!
You shoot an arrow.
The arrow barely misses the bombardier beetle.
The liquid fire burns you!
You shoot an arrow.
The arrow hits the bombardier beetle but does no damage.
The bombardier beetle is heavily wounded.
The liquid fire burns you!
You shoot an arrow.
The arrow hits the bombardier beetle but does no damage.
The bombardier beetle is heavily wounded.
The liquid fire burns you!
The bombardier beetle sprays incendiary fluid at you.
The burning spray misses you.
You shoot an arrow.
The arrow barely misses the bombardier beetle.
The liquid fire burns you!
You die...

####.#####
#.......#
#.......#
#.......#
#.......#
########.......#
#..............#
#..............#
#.....@........#
#.....B........#
#........%.....#
#..............#
#...............
#..............#
..........>....
##.......######


You could see a bombardier beetle.

Vanquished Creatures
  A gnoll (D:2)
  An adder (D:3)
  2 ribbon worms (D:2)
  A dart slug (D:1)
  4 ball pythons
  3 bats
  7 endoplasms
  6 giant cockroaches
  5 goblins
  5 hobgoblins
  2 jackals (D:1)
  2 quokkas
  2 frilled lizards (D:1)
  3 kobolds (D:2)
  3 rats
47 creatures vanquished.

Notes
Turn   | Place    | Note
-------+----------+-------------------------------------------
     0 | D:1      | qw the Gargoyle Hunter began the quest for the Orb.
     0 | D:1      | Reached XP level 1. HP: 12/12 MP: 1/1
     0 | D:1      | 0 ||| qw: Version: 0.3-a-132-g3d54051
     0 | D:1      | 0 ||| qw: Game counter: 417
     0 | D:1      | 0 ||| qw: Melee chars always use a shield: true
     0 | D:1      | 0 ||| qw: God list: Okawaru
     0 | D:1      | 0 ||| qw: Allow faded altars: false
     0 | D:1      | 0 ||| qw: Do Orc after clearing Dungeon:15 true
     0 | D:1      | 0 ||| qw: Do second Lair branch before Depths: true
     0 | D:1      | 0 ||| qw: Lair rune preference: random
     0 | D:1      | 0 ||| qw: Goals: Normal
     0 | D:1      | 0 ||| PLANNING D:1-11
    53 | D:1      | Reached XP level 2. HP: 17/17 MP: 2/2
   781 | D:1      | 781 ||| READING scroll labelled YNNUCI MIAMI.
   782 | D:1      | 782 ||| READING scroll labelled IBIGUC ZOOLASU.
   883 | D:1      | 883 ||| READING scroll labelled LUTRYR MADA.
   884 | D:1      | 884 ||| DROPPING scroll of butterflies.
   911 | D:2      | Reached XP level 3. HP: 20/21 MP: 3/3
   914 | D:2      | 914 ||| STAIRDANCE
   919 | D:2      | 919 ||| STAIRDANCE
   924 | D:1      | Reached skill level 5 in Ranged Weapons
   934 | D:2      | 934 ||| STAIRDANCE
   939 | D:2      | 939 ||| STAIRDANCE
   948 | D:2      | 948 ||| STAIRDANCE
   953 | D:2      | 953 ||| STAIRDANCE
   990 | D:2      | Identified the +1 hand axe "Jiry" {venom, rF+ rCorr}
  1105 | D:2      | Reached skill level 3 in Fighting
  1165 | D:2      | Reached XP level 4. HP: 20/28 MP: 4/4
  1165 | D:2      | 1165 ||| FLEEEEING.
  1311 | D:2      | Found a runed translucent door.
  1312 | D:2      | Noticed Crazy Yiuf
  1313 | D:2      | Identified the +6 hammer "Conservator" {speed, rPois rF++}
  1519 | D:2      | 1519 ||| UPGRADING to +0 ring mail.
  1529 | D:2      | 1529 ||| DROPPING +0 leather armour.
  1530 | D:2      | 1530 ||| UPGRADING to +0 cloak.
  1535 | D:2      | 1535 ||| UPGRADING to ring of willpower.
  1536 | D:2      | 1536 ||| READING scroll of identify.
  1536 | D:2      | 1536 ||| IDENTIFYING viscous white potion
  1537 | D:2      | 1537 ||| READING scroll labelled LEOSTA RUPACVE.
  1538 | D:2      | 1538 ||| READING scroll labelled ODAKISE YRUE.
  1539 | D:2      | 1539 ||| READING scroll labelled VYTYWIKK LUONARUJO.
  1540 | D:2      | 1540 ||| DROPPING potion of brilliance.
  1644 | D:3      | HP: 7/28 [burnt (7)]
  1645 | D:3      | HP: 1/28 [burnt (6)]
  1646 | D:3      | Incinerated by a bombardier beetle

Levels and vault maps discovered:
D:1:      psy_arrival_terrarium, layout_loops_corners
D:2:      layout_rooms, chequers_serial_rivers_large_a, minmay_small_reverse_x,
          uniq_crazy_yiuf_cottage
D:3:      layout_basic, uniq_jessica

Skill      XL: |  1  2  3 |
---------------+----------+-----
Ranged Weapons | 5 |  5.2
Fighting       | 3 |  3.0
Armour         | |  0.9
Dodging        | |  1.5
Stealth        | |  1.1

Action                     |  1- 3 |  4- 6 || total
---------------------------+-------+-------++-------
   Fire: Shortbow          |   116 |    21 ||   137
    Use: Scroll            |     3 |     4 ||     7
 Armour: Leather armour    |    25 |       ||    25
  Dodge: Dodged            |    40 |     1 ||    41

Table legend:
 A = Non-vault XP
 B = Vault XP
 C = Vault XP percentage of total XP
 D = Non-vault monster count
 E = Vault monster count
 F = Vault count percentage of total count
                 A         B        C        D         E       F
            +---------+---------+-------+---------+---------+-------
      Total |      94 |      19 |  16.8 |      43 |       4 |   8.5
            +---------+---------+-------+---------+---------+-------
        D:1 |      46 |       0 |   0.0 |      24 |       0 |   0.0
        D:2 |      32 |      19 |  37.3 |      16 |       4 |  20.0
        D:3 |      16 |       0 |   0.0 |       3 |       0 |   0.0
            +---------+---------+-------+---------+---------+-------
